 Dungeon Crawl Stone Soup version 0.29.0-11-gd7f09526c8 (webtiles) character file.

Game seed: 3183996176238727303

55 LabCoat the Chopper (level 3, -5/33 HPs)
             Began as a Hill Orc Fighter on Sept 4, 2022.
             Slain by a gnoll
             ... wielding a +0 halberd
              (9 damage)
             ... on level 3 of the Dungeon.
             The game lasted 00:04:54 (2132 turns).

LabCoat the Chopper (Hill Orc Fighter)              Turns: 2132, Time: 00:04:55

Health: -5/33      AC:  8    Str: 20    XL:     3   Next: 93%
Magic:  3/3        EV:  9    Int:  8    God:
Gold:   42         SH:  4    Dex: 10    Spells: 2/2 levels left

rFire   . . .      SeeInvis .   a - +0 war axe
rCold   + . .      Faith    .   c - +0 buckler
rNeg    . . .      Spirit   .   b - +0 scale mail
rPois   .          Reflect  .   (no helmet)
rElec   .          Harm     .   (no cloak)
rCorr   .          Rampage  .   (no gloves)
Will    .....                   e - +0 pair of boots
Stlth   ..........              (no amulet)
HPRegen 0.11/turn               j - ring of protection from cold
MPRegen 0.08/turn               (no ring)

@: no status effects
A: no striking features
a: no special abilities


You were on level 3 of the Dungeon.
You visited 1 branch of the dungeon, and saw 3 of its levels.

You collected 42 gold pieces.

Inventory:

Hand Weapons
 a - a +0 war axe (weapon)
 h - a +0 whip
Armour
 b - a +0 scale mail (worn)
 c - a +0 buckler (worn)
 e - a +0 pair of boots (worn)
Jewellery
 j - a ring of protection from cold (left hand)
Potions
 d - a potion of might
 f - a potion of ambrosia {unknown}
 l - a potion of heal wounds {unknown}
 m - a potion of resistance {unknown}
 n - a potion of curing {unknown}


   Skills:
 + Level 4.0 Fighting
 * Level 4.4 Axes
 + Level 0.1 Throwing
 + Level 3.6 Armour
 + Level 3.5 Shields


You had 2 spell levels left.
You didn't know any spells.
Your spell library contained the following spells:

 Spells                   Type           Power      Damage    Failure   Level
 Static Discharge         Conj/Air       0%         3-3/arc   94%         2
 Lightning Bolt           Conj/Air       0%         1d11      100%        5
 Maxwell's Capacitive Co  Air            0%         ∞         100%        8


Dungeon Overview and Level Annotations

Branches:
Dungeon (3/15)

Altars:


Message History

There is a stone staircase leading down here.
You climb downwards.
There is a stone staircase leading up here.
A ball python comes into view.
The ball python hisses angrily.
The hobgoblin hits you.
You hit the hobgoblin but do no damage.
The hobgoblin hits you but does no damage.
You barely miss the hobgoblin. You block the gnoll's attack.
The hobgoblin closely misses you.
The hobgoblin hits you but does no damage.
You hit the hobgoblin.
The hobgoblin is moderately wounded.
You block the hobgoblin's attack.
The gnoll hits you from afar with a +0 halberd.
You hit the hobgoblin but do no damage.
The hobgoblin is moderately wounded.
The hobgoblin hits you but does no damage.
You block the gnoll's attack.
Okay, then.
There are monsters nearby!
You slash the hobgoblin!
You kill the hobgoblin!
The gnoll hits you from afar with a +0 halberd!
The gnoll hits you from afar with a +0 halberd.
The ball python closely misses you. You block the ball python's attack.
You block the gnoll's attack. The gnoll barely misses you.
You barely miss the gnoll. You hit the ball python.
You kill the ball python!
The gnoll hits you from afar with a +0 spear!
The gnoll hits you with a +0 halberd.
You barely miss the gnoll. The gnoll closely misses you. x2
You barely miss the gnoll. The gnoll hits you but does no damage.
You block the gnoll's attack. The gnoll hits you with a +0 halberd!
* * * LOW HITPOINT WARNING * * *
The gnoll hits you but does no damage.
You hit the gnoll but do no damage.
An adder comes into view.
The gnoll barely misses you. The gnoll hits you with a +0 halberd!
You die...

#########.
#.........
#.........
+.........
########K........
#.....@gg.......#
#.######†).......
#.........
#.........
#.........
#....S)...
..........
....#...(.


You could see 2 gnolls, an adder (wandering) and a kobold.

Vanquished Creatures
  2 gnolls (D:3)
  A dart slug (D:1)
  2 bats
  4 endoplasms
  2 giant cockroaches (D:1)
  A goblin (D:2)
  4 hobgoblins
  5 kobolds
  2 quokkas
  2 ball pythons
  4 frilled lizards
  5 rats
34 creatures vanquished.

Notes
Turn   | Place    | Note
-------+----------+-------------------------------------------
     0 | D:1      | LabCoat the Hill Orc Fighter began the quest for the Orb.
     0 | D:1      | Reached XP level 1. HP: 19/19 MP: 1/1
   276 | D:1      | Reached XP level 2. HP: 27/27 MP: 2/2
   887 | D:1      | Reached XP level 3. HP: 33/33 MP: 3/3
  2132 | D:3      | Slain by a gnoll

Illustrated notes

Levels and vault maps discovered:
D:1:      tarquinn_simple_flora_water_a, layout_basic, feat_on_display
D:2:      layout_loops_corners
D:3:      layout_basic, gammafunk_ghost_mausoleum,
          shapermc_ecumenical_altar_starsandcircs

Skill      XL: |  1  2  3 |
---------------+----------+-----
Axes           | 3 4 |  4.4
Fighting       | 4 |  4.0
Throwing       | |  0.1
Armour         | |  3.6
Shields        | |  3.5

Action                   || total
-------------------------++-------
Melee: War axe           ||    74
Throw: Javelin           ||    21
  Use: Scroll            ||     7
Armor: Scale mail        ||    32
Dodge: Dodged            ||    36
Block: Buckler           ||    19
